 Dungeon Crawl Stone Soup version 0.17.0-24-gcfadda4 (webtiles) character file.

83 Sorcv the Sneak (level 4, -2/30 HPs)
             Began as a Mummy Enchanter on Nov 15, 2015.
             Slain by an adder (4 damage)
             ... on level 3 of the Dungeon.
             The game lasted 00:06:18 (1439 turns).

Sorcv the Sneak (Mummy Enchanter)                   Turns: 1439, Time: 00:06:18

Health: -2/30      AC:  3    Str: 11    XL:     4   Next: 22%
Magic:  3/7        EV: 12    Int: 14    God:
Gold:   108        SH:  0    Dex: 18    Spells: 3 memorised, 1 level left

rFire  x . .     SeeInvis .     a - +1 dagger
rCold  + . .     Clarity  .     b - +1 robe
rNeg   + + +     SustAt   .     (no shield)
rPois  ∞         Gourm    .     (no helmet)
rElec  .         Spirit   .     (no cloak)
rCorr  .         Warding  .     (no gloves)
rMut   .         Stasis   .     (no boots)
MR     .....                    (no amulet)
Stlth  +++.......               (no ring)
                                g - +5 ring of dexterity

@: not resistant to hostile enchantments, fairly stealthy
A: no food or potions, fire vulnerability, cold resistance 1, negative energy
resistance 3, torment resistance, unbreathing
a: no special abilities


You were on level 3 of the Dungeon.
You were not hungry.

You visited 1 branch of the dungeon, and saw 4 of its levels.

You collected 108 gold pieces.

Inventory:

Hand Weapons
 a - a +1 dagger (weapon)
Armour
 b - a +1 robe (worn)
Jewellery
 g - a +5 ring of dexterity (left hand)
Scrolls
 d - 2 scrolls of recharging {unknown}
 e - a scroll of blinking {unknown}
 f - a scroll of enchant weapon {unknown}
 h - a scroll of identify {unknown}
 i - a scroll of remove curse {unknown}
Books
 c - a book of Maledictions

   Spells                             Type                      Level
   a - Corona                         Hexes                        1
   b - Ensorcelled Hibernation        Hexes/Ice                    2
   c - Confuse                        Hexes                        3
   d - Tukima's Dance                 Hexes                        3
   e - Dazzling Spray                 Conjuration/Hexes            3


   Skills:
 - Level 0.7 Short Blades
 - Level 1.5 Dodging
 + Level 4.2 Stealth
 - Level 2.0 Spellcasting
 - Level 3.0 Hexes


You had one spell level left.
You knew the following spells:

 Your Spells              Type           Power        Failure   Level  Hunger
a - Corona                Hex            #......      10%         1    N/A
b - Ensorcelled Hibernat  Hex/Ice        #.....       21%         2    N/A
c - Confuse               Hex            #.......     21%         3    N/A

Dungeon Overview and Level Annotations

Branches:
Dungeon (4/15)
 Temple: D:4-7

Altars:


Innate Abilities, Weirdness & Mutations

You do not eat or drink.
Your flesh is vulnerable to fire.
You are immune to poison.
Your flesh is cold resistant.
You are immune to negative energy.
You are immune to unholy pain and torment.
You can survive without breathing.


Message History

You hit the rat but do no damage. The rat barely misses you.
The adder closely misses you.
You closely miss the rat. The adder bites you. The rat bites you.
You hit the rat.
The rat is heavily wounded.
The adder bites you.
* * * LOW HITPOINT WARNING * * *
The rat closely misses you. The adder bites you.
* * * LOW HITPOINT WARNING * * *
You barely miss the rat.
The rat is heavily wounded.
The rat misses you. The adder barely misses you.
You hit the rat but do no damage.
The rat is heavily wounded.
The rat barely misses you. The adder bites you.
* * * LOW HITPOINT WARNING * * *
You hit the rat.
You kill the rat!
The adder bites you.
You die...

######## #.o....#
#.####o# #.####.######
#o##...o....#
#.##..#.###.############
#....###S#...o.o........
#####.#@###.############
#.## ### # #.# # ...
####### #### .....
#.....# #... ##.. ##
#.....# #.o# ##. #.....#
#..# #. #.....# #.†#
#.....# #..#


You could see an adder.

Vanquished Creatures
  2 gnolls (D:3)
  2 adders
  An ooze (D:3)
  A worm (D:3)
  An orc (D:3)
  6 bats
  7 giant cockroaches
  5 goblins
  4 jackals (D:3)
  A quokka (D:2)
  2 kobolds (D:1)
  8 rats
40 creatures vanquished.

Notes
Turn   | Place    | Note
--------------------------------------------------------------
     0 | D:1      | Sorcv the Mummy Enchanter began the quest for the Orb.
     0 | D:1      | Reached XP level 1. HP: 13/13 MP: 3/3
   242 | D:1      | Reached skill level 3 in Stealth
   276 | D:1      | Reached XP level 2. HP: 8/19 MP: 3/5
   284 | D:1      | Learned a level 2 spell: Ensorcelled Hibernation
   696 | D:2      | Reached XP level 3. HP: 21/24 MP: 2/6
   921 | D:3      | Learned a level 3 spell: Confuse
  1133 | D:3      | Found a faded altar to an unknown god.
  1271 | D:3      | Reached skill level 4 in Stealth
  1271 | D:3      | Reached XP level 4. HP: 17/30 MP: 0/7
  1439 | D:3      | Slain by an adder

Action                   |  1- 3 |  4- 6 || total
-------------------------+-------+-------++-------
Melee: Dagger            |   131 |    25 ||   156
 Cast: Corona            |     5 |       ||     5
       Ensorcelled Hiber |    10 |     6 ||    16
 Stab: Sleeping          |    16 |     2 ||    18
